 Dungeon Crawl Stone Soup version 0.30-a0-989-g0d87f670db (webtiles) character file.

Game seed: 16457351173918445930

1525192 Twinkles the Slayer (level 27, 164/164 HPs)
             Began as a Vine Stalker Brigand on Mar 30, 2023.
             Was a High Priest of Okawaru.
             Escaped with the Orb
             ... and 3 runes on Apr 2, 2023!
             The game lasted 08:55:26 (85072 turns).

Twinkles the Slayer (Vine Stalker Brigand)         Turns: 85072, Time: 08:55:27

Health: 164/164    AC: 51    Str: 31    XL:     27
Magic:  48/48      EV: 15    Int: 13    God:    Okawaru [*****.]
Gold:   942        SH: 18    Dex: 14    Spells: 30/30 levels left

rFire   + . .      SeeInvis +    a - +9 quick blade (drain)
rCold   + + .      Faith    +    I - +5 Storm Queen's Shield {shock, Fly rElec}
rNeg    . . .      Spirit   +    b - +12 gold dragon scales
rPois   +          Reflect  .    m - +2 helmet {SInv}
rElec   +          Rampage  +    c - +2 cloak {rCorr}
rCorr   +                        r - +2 pair of gloves "Camuomes" {Rampage MP+9 Str+3}
Will    +++..                    o - +2 pair of boots {Fly} Stlth
                                 N - amulet "Jioxki" {Faith +Inv Fly rElec rC+}
HPRegen 1.27/turn                f - +4 ring of slaying
MPRegen 0.31/turn                v - ring of Otseene {EV+5 Int+2 Stlth+}

@: flying
A: fangs 3, regeneration 1, magic shield, antimagic bite, no potion heal 2,
hooves 2, iridescent scales 1, clumsy 1, electricity resistance
0: Orb of Zot
}: 3/15 runes: decaying, serpentine, slimy
a: Renounce Religion, Evoke Invisibility, Heroism, Finesse, Duel


You escaped.
You worshipped Okawaru.
Okawaru was extremely pleased with you.
You visited 11 branches of the dungeon, and saw 55 of its levels.
You visited the Abyss 1 time.
You also visited: Gauntlet and Ice Cave.

You collected 8940 gold pieces.
You spent 7998 gold pieces at shops.

Inventory:

Hand Weapons
 a - a +9 quick blade of draining (weapon)
 t - a +2 vampiric rapier
 V - the +9 dagger "Inong" {freeze, rPois}
   (Okawaru gifted it to you on level 3 of the Lair of Beasts)

   rPois:     It protects you from poison.
Missiles
 e - 22 curare-tipped darts
 h - 17 silver javelins
 k - 6 silver boomerangs
 q - 32 poisoned darts
 w - 16 javelins (quivered)
 x - 17 boomerangs
 z - 10 datura-tipped darts
 W - 19 atropa-tipped darts
Armour
 b - +12 gold dragon scales (worn)
 c - a +2 cloak of preservation (worn)
 m - a +2 helmet of see invisible (worn)
 o - a +2 pair of boots of flying (worn)
 r - the +2 pair of gloves "Camuomes" (worn) {Rampage MP+9 Str+3}
   (Okawaru gifted it to you on level 4 of the Snake Pit)

   Str:       It affects your strength (+3).
   MP:        It affects your magic capacity (+9).
   Rampage:   It bestows one free step when moving towards enemies.
 I - the +5 Storm Queen's Shield (worn) {shock, Fly rElec}
   (You bought it in a shop on level 3 of the Elven Halls)

   Shock:     When it blocks an attack, it may electrocute the attacker.
   This works even against foes who are a short distance away.
   rElec:     It insulates you from electricity.
   Fly:       It grants you flight.
 X - the +18 shield of the Gong {Loud rN+ Will+ rCorr EV-5}
   (Okawaru gifted it to you on level 4 of the Swamp)

   Loud:      It is deafeningly noisy when blocking attacks.
   EV:        It affects your evasion (-5).
   rN:        It protects you from negative energy.
   rCorr:     It protects you from acid and corrosion.
   Will:      It increases your willpower.
Jewellery
 f - a +4 ring of slaying (left hand)
 i - a ring of protection from fire
 u - a ring of magical power
 v - the ring of Otseene (right hand) {EV+5 Int+2 Stlth+}
   (You found it on level 4 of the Depths)

   [ring of evasion]

   EV:        It affects your evasion (+5).
   Int:       It affects your intelligence (+2).
   Stlth:     It makes you more stealthy.
 N - the amulet "Jioxki" (around neck) {Faith +Inv Fly rElec rC+}
   (You bought it in a shop on level 2 of the Orcish Mines)

   [amulet of faith]

   It allows you to gain divine favour quickly.
   rC:        It protects you from cold.
   rElec:     It insulates you from electricity.
   +Inv:      It lets you turn invisible.
   Fly:       It grants you flight.
 Z - the ring of Foimim {rC+ rN+}
   (You found it on level 4 of the Depths)

   [ring of positive energy]

   rC:        It protects you from cold.
   rN:        It protects you from negative energy.
Wands
 d - a wand of digging (19)
 g - a wand of roots (21)
 j - a wand of polymorph (33)
 p - a wand of paralysis (49)
 y - a wand of mindburst (68)
 S - a wand of quicksilver (33)
Scrolls
 n - 8 scrolls of poison
 D - 3 scrolls of blinking
 E - 10 scrolls of fear
 F - 9 scrolls of fog
 K - 9 scrolls of immolation
 O - 2 scrolls of silence
 Y - 14 scrolls of teleportation
Potions
 A - 20 potions of attraction
 B - 5 potions of brilliance
 C - 4 potions of cancellation
 G - 12 potions of ambrosia
 H - 4 potions of haste
 J - 21 potions of curing
 L - 11 potions of flight
 M - 11 potions of might
 P - 11 potions of lignification
 Q - 9 potions of magic
 R - 3 potions of resistance
 T - 3 potions of berserk rage
 U - 10 potions of mutation
Miscellaneous
 l - a condenser vane
 s - a tin of tremorstones (2/2)


   Skills:
 + Level 23.3 Fighting
 - Level 10.2 Short Blades
 - Level 20.0 Throwing
 - Level 19.0 Armour
 - Level 10.0 Dodging
 - Level 9.0 Stealth
 - Level 15.0 Shields
 - Level 2.0 Spellcasting
 + Level 22.0 Invocations


You had 30 spell levels left.
You didn't know any spells.
Your spell library contained the following spells:

 Spells                   Type           Power      Damage    Failure   Level
 Apportation              Tloc           2%         N/A       99%         1
 Beastly Appendage        Tmut           2%         N/A       99%         1
 Foxfire                  Conj/Fire      4%         2x1d2     99%         1
 Freeze                   Ice            4%         1d3       99%         1
 Magic Dart               Conj           4%         1d3       99%         1
 Necrotise                Necr           4%         1d4       99%         1
 Sandblast                Erth           2%         2d4       99%         1
 Sting                    Tmut/Pois      4%         1d3       99%         1
 Blink                    Tloc           2%         N/A       100%        2
 Cigotuvi's Dreadful Rot  Necr/Pois/Air  2%         N/A       100%        2
 Lesser Beckoning         Tloc           2%         N/A       100%        2
 Momentum Strike          Conj/Tloc      2%         3d8       100%        2
 Passwall                 Tmut/Erth      0%         N/A       100%        2
 Poisonous Vapours        Pois/Air       2%         N/A       100%        2
 Scorch                   Fire           2%         2d5       100%        2
 Searing Ray              Conj           2%         2d4       100%        2
 Static Discharge         Conj/Air       2%         2-3/arc   100%        2
 Sublimation of Blood     Necr           1%         N/A       100%        2
 Wereblood                Tmut           1%         N/A       100%        2
 Frozen Ramparts          Ice            2%         1d1       100%        3
 Gell's Gravitas          Tloc           1%         N/A       100%        3
 Hailstorm                Conj/Ice       1%         3d3       100%        3
 Ignite Poison            Fire/Tmut/Pois 1%         N/A       100%        3
 Inner Flame              Hex/Fire       1%         N/A       100%        3
 Kindle Blastsparks       Fire/Tloc/Air  2%         2d10      100%        3
 Mephitic Cloud           Conj/Pois/Air  1%         N/A       100%        3
 Portal Projectile        Hex/Tloc       2%         N/A       100%        3
 Spider Form              Tmut/Pois      1%         N/A       100%        3
 Stone Arrow              Conj/Erth      2%         3d7       100%        3
 Teleport Other           Tloc           1%         N/A       100%        3
 Vampiric Draining        Necr           1%         2d6       100%        3
 Vhi's Electric Charge    Tloc/Air       2%         N/A       100%        3
 Airstrike                Air            0%         2d(1-17)  100%        4
 Flame Wave               Conj/Fire      1%         2d4       100%        4
 Fulminant Prism          Conj/Hex       0%         3d5       100%        4
 Leda's Liquefaction      Hex/Erth       0%         N/A       100%        4
 Passage of Golubria      Tloc           1%         N/A       100%        4
 Sticky Flame             Conj/Fire      1%         2d3       100%        4
 Agony                    Necr           1%         N/A       100%        5
 Alistair's Intoxication  Tmut/Pois      0%         N/A       100%        5
 Arcjolt                  Conj/Air       0%         1d10      100%        5
 Fireball                 Conj/Fire      0%         3d3       100%        5
 Freezing Cloud           Conj/Ice/Air   0%         6-21      100%        5
 Iskenderun's Battlesphe  Conj           1%         2d6       100%        5
 Plasma Beam              Fire/Air       0%         2x1d7     100%        5
 Silence                  Hex/Air        0%         N/A       100%        5
 Yara's Violent Unravell  Hex/Tmut       0%         3d3       100%        5
 Conjure Ball Lightning   Conj/Air       0%         3x3d6     100%        6
 Dispersal                Tloc           0%         N/A       100%        6
 Starburst                Conj/Fire      0%         6d3       100%        6
 Statue Form              Tmut/Erth      0%         N/A       100%        6
 Enfeeble                 Hex            0%         N/A       100%        7
 Orb of Destruction       Conj           0%         9d5       100%        7
 Lehudib's Crystal Spear  Conj/Erth      0%         10d2      100%        8
 Shatter                  Erth           0%         3d5*      100%        9
 Call Imp                 Summ           Unusable   N/A       N/A         2
 Call Canine Familiar     Summ           Unusable   N/A       N/A         3
 Summon Lightning Spire   Summ/Air       Unusable   N/A       N/A         4
 Summon Hydra             Summ           Unusable   N/A       N/A         7

Dungeon Overview and Level Annotations

Branches:
Dungeon (15/15)            Temple (0/1) D:4            Lair (5/5) D:9
  Swamp (4/4) Lair:3        Snake (4/4) Lair:2        Slime (5/5) Lair:4
    Orc (2/2) D:10            Elf (3/3) Orc:2        Vaults (5/5) D:13
  Crypt (3/3) Vaults:2       Tomb (0/3) Crypt:3      Depths (4/4) D:15
    Zot (5/5) Depths:4      IceCv (visited)         Gauntlet (visited)

Altars:
Ashenzari
Gozag
Okawaru
Qazlal
Sif Muna
Trog
Uskayaw
Vehumet
Jiyva

Shops:
D:6 [   D:11 (*   D:15 *   Orc:2 =[!(   Elf:1 *   Elf:3 ([*[[?(   Vaults:1 =
Vaults:2 (?*!   Vaults:3 !   Vaults:4 ?[   Depths:2 [=:=   Depths:3 (

Portals:
Hell: Depths:1 Depths:2 Depths:3 Depths:4
Abyss: Depths:1 Depths:3 Depths:4
Pandemonium: Depths:2 Depths:4
Ziggurat: Depths:4

Annotations:
D:3 Natasha


Innate Abilities, Weirdness & Mutations

You have razor-sharp teeth.
Your natural rate of healing is unusually fast.
When hurt, damage is shared between your health and your magic reserves.
Your bite disrupts and absorbs the magic of your enemies.
Potions cannot restore your health.
You have hoof-like feet.
You are partially covered in iridescent scales. (AC +2)
You are clumsy. (Dex -2)
You are resistant to electric shocks. (rElec)


Message History

There is an entrance to Rizoren's Antique Armour Shoppe here.
Things that are here:
a +0 ring mail; a +0 hand axe You see here a +0 trident.
There is a stone staircase leading up here.
You fly upwards.
There is a stone staircase leading down here.
There is an open door here.
There is a stone staircase leading up here.
You fly upwards.
There is a stone staircase leading down here.
There is a stone staircase leading up here.
You fly upwards.
There is a stone staircase leading down here.
Natasha, Servant of Life and Death comes into view.
Natasha hisses angrily.
There is an open door here.
Natasha stares at you and mumbles some strange words.
The magic dart hits you.
There is a stone staircase leading up here.
You fly upwards.
There is a stone staircase leading down here.
(D) Dungeon (T) Temple (L) Lair (S) Swamp (P) Snake Pit (M) Slime Pits (O) Orcish Mines (E) Elven Halls (V) Vaults (C) Crypt (W) Tomb (U) Depths (H) Hell (Z) Zot
Where to? (Enter - D:1 @ (x,y), ? - help)
What level of the Dungeon? (default 1, ? - help)
A sun demon comes into view.
There is a stone staircase leading up here.
You fly upwards.
There is a stone staircase leading down here.
There is a fountain of clear blue water here.
A rakshasa and an endoplasm come into view.
There is a staircase leading out of the dungeon here.
Unknown command.
Unknown command.
Unknown command.
The endoplasm quivers.
You have escaped!

...####.#....#.....###
##......≈....≈.....#
#####..≈..⌠.≈.....# #
##.≈...§≈.....# ####
#.#...§#.....# ...##
####≈≈###≈≈#### ....#
#.....#....#.# ....##
#.....≈....≈.#
.....###...(.≈.⌠@.≈.#
...#..##.....≈....≈R#
....#.##.....#....#.#
.............##≈≈#'.#
...##.#..#####.....J#
#..>...........####.#
####............# #.#
#####.....#..###.# #
##....##.....#


You could see a rakshasa and an endoplasm.

Vanquished Creatures
  the Royal Jelly (Slime:5)
  3 dread liches
  5 ancient liches
  6 orbs of fire
  A juggernaut (Depths:3)
  Josephina (Vaults:2)
  Boris (twice) (Vaults:4 Crypt:1)
  Parghit (Depths:4)
  7 Killer Klowns
  Bai Suzhen (Swamp:2)
  Saint Roka (Depths:1)
  5 curse toes
  The ghost of Camaan the Warrior, an adept DgCj (Depths:4)
  4 golden dragons
  3 bone dragons
  3 electric golems
  17 tentacled monstrosities
  Jorgrun (Swamp:3)
  2 hellephants
  3 liches
  A walking crystal tome (Depths:3)
  5 quicksilver dragons
  3 deep elf blademasters (Elf:3)
  A deep elf master archer (Elf:3)
  26 Orb Guardians
  21 acid blobs
  9 death cobs
  An Executioner (Zot:3)
  2 tentacled starspawn (Abyss:2)
  4 ancient champions
  5 sphinxes
  Gastronok (Lair:3)
  Agnes (D:14)
  The ghost of Darkkill the Warrior, an adept MiHu of Gozag (Swamp:3)
  Roxanne (Swamp:1)
  5 tengu reavers
  6 shadow dragons
  11 storm dragons
  A daeva (Abyss:2)
  A fenstrider witch (Swamp:3)
  A demonspawn warmonger (D:15)
  4 rockslimes
  4 draconian monks
  7 nagarajas
  11 azure jellies
  An iron dragon (Depths:3)
  2 revenants
  8 frost giants
  6 fire giants
  Aizul (Snake:1)
  5 draconian knights
  2 ghost moths
  4 draconian shifters
  Louise (Elf:2)
  13 ghouls
  16 vault wardens
  3 draconian stormcallers
  An orc warlord (Vaults:2)
  6 draconian scorchers
  11 deep elf sorcerers
  2 curse skulls (Crypt:3)
  2 deep elf elementalists (Elf:3)
  A demonspawn blood saint (D:15)
  16 ironbound preservers
  4 draconian annihilators
  A war gargoyle (Vaults:1)
  A cacodemon (Zot:5)
  A juggernaut skeleton (Crypt:3)
  A caustic shrike skeleton (Depths:3)
  12 ironbound thunderhulks
  11 quicksilver oozes
  5 reapers
  19 very ugly things
  3 spriggan defenders (Depths:2)
  5 green draconians
  12 stone giants
  10 black draconians
  A lorocyproca (Abyss:2)
  7 vampire knights
  6 deep elf annihilators (Elf:3)
  4 purple draconians
  8 yellow draconians
  A starcursed mass (Abyss:2)
  6 eleionomae
  7 spark wasps
  6 red draconians
  8 bunyips
  11 white draconians
  4 dire elephants
  10 deep elf demonologists
  A minotaur (Gauntlet)
  12 deep elf death magi
  A crystal guardian (Vaults:1)
  An eidolon (Crypt:2)
  3 green deaths
  A blizzard demon (Zot:4)
  9 fire dragons
  8 ettins
  14 yaktaur captains
  2 merfolk impalers (Depths:2)
  2 jiangshi (Crypt:3)
  An entropy weaver (Vaults:1)
  8 great orbs of eyes
  7 deep elf high priests
  12 ice dragons
  A caustic shrike simulacrum (Crypt:1)
  2 spriggan air magi
  A peacekeeper (Vaults:1)
  3 catoblepae (Lair:5)
  8 hydras
  4 rakshasas
  5 ghost crabs
  34 vault guards
  2 hell beasts
  2 ironbound frosthearts (Vaults:3)
  3 salamander tyrants
  2 death knights (Crypt:1)
  5 death yaks (Lair:5)
  The ghost of Ahpoh the Carver, a journeyman GrGl of Wu Jian (D:11)
  6 centaur warriors
  10 boulder beetles
  21 naga warriors
  A spriggan skeleton (Crypt:3)
  5 two-headed ogres
  2 deep troll earth magi
  8 anacondas
  33 dancing weapons
  2 tengu warriors (Depths:2)
  3 hell hogs (Depths:1)
  2 vampire magi
  8 alligators
  5 deep troll shamans
  4 thrashing horrors (Abyss:2)
  An orc high priest (Orc:2)
  4 spriggan berserkers
  5 shock serpents
  5 soul eaters
  23 deep elf knights
  4 sun demons
  12 naga sharpshooters
  2 titan zombies
  A fire crab (Lair:5)
  A skyshark (shapeshifter) (Depths:3)
  5 iron trolls
  A shadow wraith (Depths:1)
  Amaemon (Lair:3)
  6 skeletal warriors
  10 hell knights
  2 skysharks
  3 goliath frogs
  8 salamander mystics
  49 deep trolls
  3 sixfirhies
  3 glowing orange brains
  A spriggan druid (Swamp:3)
  2 swamp dragons
  A death drake (Swamp:4)
  3 flayed ghosts
  8 naga ritualists
  A shadow demon (Depths:4)
  10 bog bodies
  An anaconda zombie (Crypt:2)
  A spectral hydra (Swamp:4)
  25 deep elf archers
  A golden dragon skeleton (Crypt:3)
  5 necromancers
  8 harpies (Vaults:2)
  4 wizards
  17 ironbound convokers
  13 phantasmal warriors
  An orange crystal statue (IceCv)
  12 orc knights
  17 lindwurms
  30 deep elf zephyrmancers
  5 shining eyes
  A sphinx zombie (Crypt:1)
  40 deep elf pyromancers
  3 fenstrider witch simulacra (Swamp:3)
  2 spectral spriggans (Swamp:3)
  13 mana vipers
  22 salamanders
  3 oklob plants (Lair:4)
  2 tengu skeletons (Depths:3)
  24 moths of wrath
  A wolf spider (Depths:1)
  6 will-o-the-wisps
  A shining eye (shapeshifter) (Vaults:5)
  5 manticores
  3 orc sorcerers
  30 black mambas
  37 ugly things
  2 cyclopes
  A moth of wrath (shapeshifter) (Vaults:4)
  10 vault sentinels
  6 guardian serpents
  2 rust devils
  A demonic crawler (Depths:1)
  5 eyes of devastation
  A gargoyle (D:12)
  21 elephants
  A frost giant skeleton (Depths:3)
  17 naga magi
  An elephant (shapeshifter) (Depths:3)
  A torpor snail (shapeshifter) (Depths:2)
  11 apocalypse crabs (Zot:4)
  A torpor snail (Lair:4)
  5 storm dragon simulacra (IceCv)
  An alligator snapping turtle zombie (Crypt:2)
  6 smoke demons
  9 cane toads
  A minotaur zombie (Gauntlet)
  5 kobold demonologists
  An orange demon (Lair:3)
  A purple draconian zombie (Crypt:3)
  6 komodo dragons
  29 yaktaurs
  9 unseen horrors
  Maggie (D:7)
  7 swamp worm zombies (Swamp:4)
  An iron troll zombie (Crypt:1)
  3 efreet
  A black draconian zombie (Crypt:2)
  2 tengu conjurers (Depths:1)
  5 freezing wraiths
  2 rime drakes
  4 guardian mummies (Crypt:3)
  6 golden dragon simulacra (IceCv)
  An anaconda simulacrum (Abyss:2)
  2 pale draconian skeletons
  3 burning bushes (Lair:3)
  A spectral death drake (Swamp:3)
  3 ancient zymes (Abyss:2)
  4 trolls
  A meliai (shapeshifter) (D:13)
  A queen bee (Lair:3)
  5 bloated husks
  The ghost of mandoloar the Conjurer, an amateur DgCj (D:4)
  2 hydra zombies (Swamp:4)
  2 polar bears (Lair:5)
  Prince Ribbit (D:9)
  6 hornets
  A hellwing (Depths:4)
  An ettin zombie (Crypt:2)
  2 wolf spider simulacra (Gauntlet)
  7 dream sheep
  A mana viper skeleton (Crypt:1)
  12 saltlings
  9 tyrant leeches
  2 spectral swamp dragons (Swamp:4)
  An iron dragon simulacrum (Crypt:1)
  2 raiju
  A harpy skeleton (Crypt:1)
  2 alligator zombies (Swamp:4)
  A snapping turtle (shapeshifter) (Depths:1)
  A black mamba zombie (Crypt:2)
  A yak (shapeshifter) (Vaults:3)
  A flying skull (Crypt:3)
  80 yaks
  105 slime creatures
  5 spriggans
  A vampire (D:11)
  23 water elementals
  9 wyverns
  2 ynoxinuls (Abyss:2)
  An air elemental (Elf:2)
  11 wraiths
  4 large abominations
  3 chaos spawn (Depths:4)
  5 fire elementals
  A hog (shapeshifter) (Elf:1)
  2 basilisks (Lair:5)
  4 small abominations
  A human (shapeshifter) (D:15)
  8 golden eyes
  2 steam dragons
  15 vampire mosquitoes
  3 wargs
  4 neqoxecs
  Menkaure (D:5)
  47 nagas
  2 swamp worms (shapeshifter)
  2 redbacks (Vaults:1)
  A two-headed ogre zombie (Crypt:3)
  A death drake simulacrum (Swamp:3)
  10 swamp worms
  A harpy simulacrum (Crypt:1)
  2 acid dragons
  12 water moccasins
  A hydra simulacrum (Crypt:1)
  A naga skeleton (Crypt:3)
  4 swamp drakes
  A floating eye (Depths:2)
  A deep troll skeleton (Crypt:3)
  26 orc warriors
  An ice beast (D:5)
  6 spriggan simulacra
  5 ice dragon simulacra
  5 ogres
  4 wolves
  A lindwurm skeleton (Crypt:1)
  14 centaurs
  5 swamp dragon zombies (Swamp:4)
  9 phantoms
  5 kobold brigands
  9 bullfrogs
  3 earth elementals
  3 gnoll sergeants
  3 scorpions
  A necrophage (Crypt:3)
  11 wights
  2 cyclops skeletons
  6 lindwurm simulacra (IceCv)
  A warg skeleton (Crypt:1)
  A water moccasin skeleton (Crypt:2)
  A queen bee zombie (Crypt:3)
  A spriggan zombie (Crypt:2)
  19 killer bees (Lair:3)
  A raiju skeleton (Crypt:3)
  A shapeshifter skeleton (Crypt:1)
  11 electric eels
  A howler monkey (D:9)
  A jelly (D:7)
  9 hounds
  14 orc priests
  Crazy Yiuf (D:2)
  An iron imp (Abyss:2)
  2 gnoll boudas
  Natasha (twice) (D:3)
  5 iguanas
  24 orc wizards
  2 spectral swamp drakes (Swamp:4)
  A lightning spire (Gauntlet)
  7 hell rats
  A deep dwarf skeleton (Crypt:3)
  A boggart simulacrum (Gauntlet)
  A howler monkey zombie (Crypt:1)
  22 gnolls
  A howler monkey skeleton (Crypt:3)
  3 swamp drake zombies (Swamp:4)
  11 adders
  A shadow imp (D:6)
  2 white imps
  2 ufetubi (Abyss:2)
  A worm zombie (Crypt:3)
  3 worms (D:4)
  A dart slug (D:2)
  89 orcs
  7 endoplasms
  14 giant cockroaches
  10 goblins
  11 hobgoblins
  3 jackals (D:1)
  20 kobolds
  4 quokkas
  11 ball pythons
  7 bats
  7 frilled lizards
  5 rats
  A lurking horror (Abyss:2)
  A starspawn tentacle (Abyss:2)
2344 creatures vanquished.

Vanquished Creatures (others)
  A thorn hunter (Swamp:3)
  2 deep elf knights
  2 deep elf pyromancers (Elf:1)
  3 bloated husks
  A water elemental (Elf:2)
  A chaos spawn (Depths:1)
  A hell rat (Depths:1)
  A bush (Lair:3)
  25 foxfires
  93 fungi
  5 pillars of salt (Orc:2)
  152 plants
  4 starspawn tentacles (Abyss:2)
291 creatures vanquished.

Grand Total: 2635 creatures vanquished

Notes
Turn   | Place    | Note
-------+----------+-------------------------------------------
     0 | D:1      | Twinkles the Vine Stalker Brigand began the quest for the
                  | Orb.
     0 | D:1      | Reached XP level 1. HP: 11/11 MP: 2/2
   101 | D:1      | Reached skill level 1 in Dodging
   101 | D:1      | Reached XP level 2. HP: 15/15 MP: 1/3
   107 | D:1      | Reached skill level 5 in Stealth
   124 | D:1      | Reached skill level 2 in Fighting
   491 | D:1      | Reached XP level 3. HP: 18/18 MP: 4/4
   838 | D:2      | Gained mutation: Your natural rate of healing is unusually
                  | fast. [Vine Stalker growth]
   838 | D:2      | Reached XP level 4. HP: 23/23 MP: 6/6
   907 | D:2      | Reached skill level 1 in Spellcasting
  1598 | D:2      | Found a runed translucent door.
  1599 | D:2      | Noticed Crazy Yiuf
  1771 | D:3      | Noticed Natasha
  1782 | D:3      | Killed Natasha
  1783 | D:3      | Reached XP level 5. HP: 18/27 MP: 4/8
  2748 | D:4      | Found a runed translucent gate.
  2748 | D:4      | Found a runed translucent gate.
  2748 | D:4      | Found a runed translucent gate.
  2754 | D:4      | Identified the +3 chain mail "Teseje" {Will+ Str+2}
  2761 | D:4      | Noticed mandoloar's ghost (amateur DgCj)
  2865 | D:4      | Found an iron altar of Okawaru.
  2871 | D:4      | Became a worshipper of Warmaster Okawaru
  2879 | D:4      | Found a staircase to the Ecumenical Temple.
  2889 | D:4      | Reached XP level 6. HP: 32/32 MP: 8/10
  3069 | D:4      | Reached skill level 3 in Fighting
  3153 | D:4      | Noticed a black bear
  3181 | D:3      | Noticed Natasha
  3187 | D:3      | Killed Natasha
  3187 | D:3      | Reached * piety under Okawaru
  3312 | D:4      | Reached skill level 1 in Armour
  3312 | D:4      | Reached XP level 7. HP: 36/36 MP: 11/11
  3423 | D:4      | Found a bloodstained altar of Trog.
  3439 | D:4      | Reached skill level 1 in Invocations
  3692 | D:5      | Entered Level 5 of the Dungeon
  3792 | D:5      | Identified the +7 quarterstaff of Brawling {antimagic,
                  | Int+2 Stlth+}
  4234 | D:5      | Reached ** piety under Okawaru
  4298 | D:5      | Noticed Menkaure
  4860 | D:6      | Found Rizoren's Antique Armour Shoppe.
  4893 | D:6      | Gained mutation: You have razor-sharp teeth. [Vine Stalker
                  | growth]
  4893 | D:6      | Reached XP level 8. HP: 40/42 MP: 12/12
  4972 | D:6      | Bought a heavily runed scale mail for 225 gold pieces
  4972 | D:6      | Identified the +0 scale mail of Misanthropy {Str+5} (You
                  | bought it in a shop on level 6 of the Dungeon)
  5330 | D:6      | Reached skill level 4 in Fighting
  5662 | D:6      | Reached skill level 5 in Short Blades
  5817 | D:6      | Found an opulent altar of Gozag.
  6103 | D:7      | Reached XP level 9. HP: 39/46 MP: 13/13
  6538 | D:7      | Noticed Maggie
  6838 | D:7      | Reached *** piety under Okawaru
  7163 | D:8      | Reached skill level 5 in Fighting
  7728 | D:8      | Reached **** piety under Okawaru
  7928 | D:8      | Reached XP level 10. HP: 41/51 MP: 14/14
  8074 | D:9      | Identified the +0 ring mail of the Dropbear {*Corrode
                  | +Blink rElec rPois Dex-3}
  8103 | D:9      | Noticed Prince Ribbit
  8249 | D:9      | Killed Prince Ribbit
  8386 | D:9      | Found a staircase to the Lair.
  8422 | D:9      | Reached skill level 5 in Invocations
  8756 | Lair:1   | Entered Level 1 of the Lair of Beasts
  8874 | Lair:1   | Noticed a cane toad
  8893 | Lair:1   | Killed a cane toad
  8894 | Lair:1   | Reached skill level 6 in Fighting
  9022 | Lair:1   | Noticed a boulder beetle
  9605 | D:9      | Found a broken altar of Ashenzari.
  9916 | D:10     | Entered Level 10 of the Dungeon
  9949 | D:10     | Noticed a two-headed ogre
 10071 | D:10     | Reached skill level 5 in Armour
 10137 | D:10     | Reached ***** piety under Okawaru
 10138 | D:10     | Reached XP level 11. HP: 58/58 MP: 16/16
 10221 | D:10     | Found a staircase to the Orcish Mines.
 10707 | D:10     | Reached skill level 7 in Fighting
 11259 | Orc:1    | Entered Level 1 of the Orcish Mines
 11404 | Orc:2    | Entered Level 2 of the Orcish Mines
 11404 | Orc:2    | Noticed an orc sorcerer
 11443 | Orc:2    | Noticed an ettin
 11551 | Lair:1   | Received a gift from Okawaru
 11980 | Lair:1   | Killed a boulder beetle
 12080 | Lair:2   | Reached skill level 10 in Short Blades
 12141 | Lair:2   | Found a staircase to the Snake Pit.
 12246 | D:10     | Identified the +5 scale mail of Inviolability {rPois rN+
                  | Int+5 Dex-2}
 13373 | Lair:3   | Noticed a skyshark
 13378 | Lair:3   | Identified the +8 quarterstaff "Juqu" {flame, *Rage rPois
                  | rN+++ SInv} (Okawaru gifted it to you on level 3 of the
                  | Lair of Beasts)
 13378 | Lair:3   | Received a gift from Okawaru
 13560 | Lair:2   | Reached skill level 1 in Shields
 13811 | Lair:3   | Reached XP level 12. HP: 64/64 MP: 18/18
 13949 | Lair:3   | Reached skill level 8 in Fighting
 13969 | Lair:3   | Received a gift from Okawaru
 14141 | Lair:3   | Noticed Amaemon
 14179 | Lair:3   | Killed Amaemon
 14275 | Lair:3   | Noticed a six-headed hydra
 14304 | Lair:3   | Identified the +9 dagger "Inong" {freeze, rPois} (Okawaru
                  | gifted it to you on level 3 of the Lair of Beasts)
 14304 | Lair:3   | Received a gift from Okawaru
 14322 | Lair:3   | Killed a six-headed hydra
 14439 | Lair:3   | Found a staircase to the Swamp.
 14518 | Lair:3   | Noticed Gastronok
 14665 | Lair:3   | Killed Gastronok
 14761 | Lair:3   | Received a gift from Okawaru
 15408 | Lair:4   | Reached XP level 13. HP: 69/70 MP: 20/20
 15439 | Lair:4   | Reached skill level 5 in Throwing
 15524 | Lair:4   | Reached skill level 9 in Fighting
 15852 | Lair:4   | Reached skill level 5 in Shields
 16099 | Lair:4   | Noticed a dire elephant
 16154 | Lair:4   | Killed a dire elephant
 16268 | Lair:4   | Received a gift from Okawaru
 16304 | Lair:4   | Reached ****** piety under Okawaru
 16510 | Lair:4   | Identified the +3 buckler "Paeczab" {*Slow Fly Regen+
                  | Int+2} (Okawaru gifted it to you on level 4 of the Lair of
                  | Beasts)
 16510 | Lair:4   | Received a gift from Okawaru
 16537 | Lair:4   | Found a viscous altar of Jiyva.
 16634 | Lair:4   | Found a runed translucent door.
 16691 | Lair:5   | Entered Level 5 of the Lair of Beasts
 16737 | Lair:5   | Identified the +3 scale mail "Pothou" {+Inv rN++ SInv
                  | Stlth-}
 16918 | Lair:5   | Reached skill level 10 in Invocations
 16999 | Lair:5   | Found an iron altar of Okawaru.
 17125 | Lair:5   | Reached skill level 10 in Fighting
 17389 | Lair:5   | Reached XP level 14. HP: 72/77 MP: 22/22
 17629 | Lair:5   | Identified the +2 short sword of Purpose {flame, rN+ Will+
                  | MP-9 Int+3} (Okawaru gifted it to you on level 5 of the
                  | Lair of Beasts)
 17629 | Lair:5   | Received a gift from Okawaru
 17985 | Lair:5   | Received a gift from Okawaru
 18325 | Lair:5   | Identified the amulet of Fun {Regen+ Str+4 Dex+2}
 19015 | D:11     | Found a runed translucent gate.
 19015 | D:11     | Found a runed translucent gate.
 19133 | D:11     | Received a gift from Okawaru
 19234 | D:11     | Upgraded the game from 0.30-a0-965-g42e074c17a to
                  | 0.30-a0-972-gf3ab3527aa
 19262 | D:11     | Found a hide-covered altar of Uskayaw.
 19513 | D:11     | Reached skill level 11 in Fighting
 19556 | D:11     | Found Xiaded's Antique Weapon Emporium.
 19556 | D:11     | Found a runed translucent gate.
 19558 | D:11     | Found an opulent altar of Gozag.
 19561 | D:11     | Found Oklolya's Assorted Antiques.
 19561 | D:11     | Noticed Ahpoh's ghost (journeyman GrGl)
 19561 | D:11     | Noticed a frost giant
 19752 | Orc:1    | Received a gift from Okawaru
 19849 | Orc:2    | Received a gift from Okawaru
 19914 | Orc:2    | Found a staircase to the Elven Halls.
 19979 | Orc:2    | Received a gift from Okawaru
 20346 | Orc:2    | Identified the +8 scale mail of Catatonia {Will+ Int-5
                  | SInv} (Okawaru gifted it to you on level 2 of the Orcish
                  | Mines)
 20346 | Orc:2    | Received a gift from Okawaru
 20347 | Orc:2    | Reached skill level 10 in Armour
 20440 | Orc:2    | Reached XP level 15. HP: 83/83 MP: 24/24
 20524 | Orc:2    | Found Viommocunn's Jewellery Shoppe.
 20595 | Orc:2    | Found Suutei's Distillery.
 20603 | Orc:2    | Found Hiatsuc's Antique Weapon Shop.
 20626 | Orc:2    | Found Kenweyb's Armour Boutique.
 20768 | Orc:2    | Bought the amulet "Jioxki" {Faith +Inv Fly rElec rC+} for
                  | 1051 gold pieces
 20811 | Orc:2    | Bought a +2 pair of boots of flying for 215 gold pieces
 21119 | D:12     | Found a stormy altar of Qazlal.
 22500 | D:13     | Found a gate to the Vaults.
 22637 | D:13     | Received a gift from Okawaru
 23154 | D:14     | Noticed Agnes
 23601 | D:14     | Received a gift from Okawaru
 23702 | D:14     | Reached skill level 12 in Fighting
 24285 | D:15     | Entered Level 15 of the Dungeon
 24327 | D:15     | Found Lashal's Fire Supplies.
 24423 | D:15     | Received a gift from Okawaru
 24577 | D:15     | Found a gate leading to a gauntlet.
 24598 | Gauntlet | Entered a Gauntlet
 24598 | Gauntlet | Found a transporter.
 24607 | Gauntlet | Found a transporter.
 24624 | Gauntlet | Found a transporter.
 24628 | Gauntlet | Found a transporter.
 24630 | Gauntlet | Found a large runed translucent door.
 24631 | Gauntlet | Found a large runed translucent door.
 24632 | Gauntlet | Found a large runed translucent door.
 24632 | Gauntlet | Found a large runed translucent door.
 24632 | Gauntlet | Found a runed translucent door.
 24633 | Gauntlet | Found a large runed translucent door.
 24634 | Gauntlet | Found a large runed translucent door.
 24635 | Gauntlet | Found a large runed translucent door.
 24635 | Gauntlet | Found a large runed translucent door.
 24636 | Gauntlet | Found a runed translucent gate.
 24649 | Gauntlet | Found a transporter.
 24649 | Gauntlet | Found a runed translucent gate.
 24650 | Gauntlet | Found a runed translucent gate.
 24652 | Gauntlet | Found a large runed translucent door.
 24653 | Gauntlet | Found a large runed translucent door.
 24662 | Gauntlet | Found a transporter.
 24663 | Gauntlet | Found a large runed translucent door.
 24666 | Gauntlet | Found a large runed translucent door.
 24667 | Gauntlet | Found a large runed translucent door.
 24667 | Gauntlet | Found a large runed translucent door.
 24667 | Gauntlet | Found a runed translucent door.
 24668 | Gauntlet | Found a large runed translucent door.
 24669 | Gauntlet | Found a large runed translucent door.
 24670 | Gauntlet | Found a transporter.
 24674 | Gauntlet | Found a transporter.
 24697 | Gauntlet | Found a transporter.
 24724 | Gauntlet | Found a transporter.
 24724 | Gauntlet | Found a transporter.
 24726 | Gauntlet | Found a runed translucent door.
 24730 | Gauntlet | Found a transporter.
 24740 | Gauntlet | Found a runed translucent door.
 25143 | Gauntlet | Identified the ring "Icett" {Wiz rF- Str+3 Int+2 Dex+4}
 25179 | Gauntlet | Identified the +1 shortbow "Hunarhel" {flame, rN+ rCorr
                  | Int+2 Dex+3}
 25179 | Gauntlet | Identified the +2 ice dragon scales of Emevol {rF- rC++
                  | rCorr Str-4 Int+9 Slay+2}
 25204 | Gauntlet | Received a gift from Okawaru
 25535 | D:15     | Reached XP level 16. HP: 88/88 MP: 26/26
 25713 | D:15     | Received a gift from Okawaru
 25865 | D:15     | Found a staircase to the Depths.
 26306 | Snake:1  | Entered Level 1 of the Snake Pit
 26386 | Swamp:1  | Entered Level 1 of the Swamp
 26520 | Swamp:1  | Reached skill level 10 in Throwing
 26680 | Lair:3   | Received a gift from Okawaru
 26850 | Swamp:1  | You are sucked into a shaft and drop 1 floor!
 27010 | Swamp:1  | Reached skill level 5 in Dodging
 27051 | Swamp:1  | Identified Roxanne's Quarto of the Fault
 27051 | Swamp:1  | Noticed Roxanne
 27123 | Swamp:1  | Killed Roxanne
 27318 | Swamp:1  | Identified the +13 crystal plate armour of Lueg {rF- Int+4
                  | Stlth+} (Okawaru gifted it to you on level 1 of the Swamp)
 27318 | Swamp:1  | Received a gift from Okawaru
 28025 | Swamp:3  | Noticed Bai Suzhen
 28025 | Swamp:3  | Noticed Jorgrun
 28108 | Swamp:3  | Noticed a thorn hunter
 28119 | Swamp:3  | Killed a thorn hunter
 28317 | Swamp:3  | Killed Jorgrun
 28641 | Swamp:2  | Killed Bai Suzhen
 28750 | Swamp:3  | Noticed a fenstrider witch
 28761 | Swamp:3  | Killed a fenstrider witch
 28841 | Swamp:3  | Found a runed translucent gate.
 28841 | Swamp:3  | Found a runed translucent gate.
 28841 | Swamp:3  | Found a runed translucent gate.
 28842 | Swamp:3  | Found the +5 demon whip "Spellbinder" {antimagic, disrupt,
                  | Will+}
 28843 | Swamp:3  | Noticed Darkkill's ghost (adept MiHu)
 29199 | Swamp:3  | Identified a scroll of acquirement
 29320 | Swamp:2  | Acquired a +2 pair of gloves of hurling
 29365 | Swamp:4  | Entered Level 4 of the Swamp
 29379 | Swamp:3  | Reached skill level 13 in Fighting
 29740 | Swamp:3  | Killed Darkkill's ghost
 29884 | Swamp:3  | Received a gift from Okawaru
 30186 | Swamp:4  | Received a gift from Okawaru
 30187 | Swamp:4  | Reached XP level 17. HP: 95/95 MP: 27/27
 30566 | Swamp:4  | Received a gift from Okawaru
 30566 | Swamp:4  | Found the +18 shield of the Gong {Loud rN+ Will+ rCorr
                  | EV-5}
 30657 | Swamp:4  | HP: 23/95 [something (6)]
 30663 | Swamp:4  | HP: 24/95 [poison (dark miasma)]
 31128 | Swamp:4  | Noticed a bone dragon
 31848 | Snake:1  | Noticed Aizul
 31883 | Snake:1  | Killed Aizul
 31891 | Snake:1  | Identified the +7 chain mail of Mental Paralysis {Contam
                  | Rampage rElec}
 32084 | Snake:1  | Identified the +6 morningstar "Qeor" {antimagic, rC++
                  | Dex+6}
 32506 | Snake:2  | Received a gift from Okawaru
 33305 | Snake:3  | Upgraded the game from 0.30-a0-972-gf3ab3527aa to
                  | 0.30-a0-986-g7f2e898f52
 33419 | Snake:3  | Reached skill level 14 in Fighting
 33446 | Snake:3  | Identified the +0 cloak of Catatonia {Int+5} (Okawaru
                  | gifted it to you on level 3 of the Snake Pit)
 33446 | Snake:3  | Received a gift from Okawaru
 33712 | Snake:3  | Reached skill level 10 in Shields
 33873 | Snake:3  | Reached XP level 18. HP: 76/102 MP: 29/29
 35021 | Snake:4  | Entered Level 4 of the Snake Pit
 35110 | Snake:4  | Identified the +3 scale mail of Distant Shores {rElec rF+
                  | Dex+5 SInv}
 35144 | Snake:4  | Identified the +2 pair of gloves "Camuomes" {Rampage MP+9
                  | Str+3} (Okawaru gifted it to you on level 4 of the Snake
                  | Pit)
 35144 | Snake:4  | Received a gift from Okawaru
 36647 | Snake:4  | Received a gift from Okawaru
 36964 | Snake:4  | Got a serpentine rune of Zot
 37302 | Snake:4  | Reached skill level 15 in Invocations
 37668 | Vaults:1 | Entered Level 1 of the Vaults
 37717 | Vaults:1 | Reached skill level 15 in Fighting
 38013 | Vaults:1 | Reached XP level 19. HP: 102/108 MP: 31/31
 38149 | Vaults:1 | Identified the +2 pair of gloves of Incorporation {Int+5}
                  | (Okawaru gifted it to you on level 1 of the Vaults)
 38149 | Vaults:1 | Received a gift from Okawaru
 38257 | Vaults:1 | Found Goxext's Jewellery Shoppe.
 38295 | Vaults:1 | HP: 31/108 [poisoned by a redback]
 38300 | Vaults:1 | HP: 28/108 [poisoned by a redback]
 38662 | Vaults:1 | Identified the +4 short sword "Oxied" {flame, rElec rC+
                  | Str+3 Dex-4}
 39019 | Vaults:1 | Acquired a manual of Throwing
 40123 | Vaults:2 | Found Cune's Antique Weapon Shoppe.
 40228 | Vaults:2 | Identified the +1 trident of Tortfeasance {heavy, Will++
                  | Str+3} (Okawaru gifted it to you on level 2 of the Vaults)
 40228 | Vaults:2 | Received a gift from Okawaru
 40395 | Vaults:2 | Found Mudghezei's General Store.
 40404 | Vaults:2 | Bought a scroll of teleportation for 54 gold pieces
 40404 | Vaults:2 | Bought a scroll of blinking for 135 gold pieces
 40415 | Vaults:2 | Found Gogoonud's Distillery.
 40423 | Vaults:2 | Bought a potion of cancellation for 144 gold pieces
 40432 | Vaults:2 | Found a staircase to the Crypt.
 41117 | Vaults:2 | Found Witobb's Magic Scroll Shoppe.
 41125 | Vaults:2 | Bought a scroll of teleportation for 60 gold pieces
 41306 | Vaults:2 | Received a gift from Okawaru
 41713 | Vaults:2 | Identified the +0 plate armour of Spring Thaw {rC++ rN+}
                  | (Okawaru gifted it to you on level 2 of the Vaults)
 41713 | Vaults:2 | Received a gift from Okawaru
 41928 | Vaults:3 | Reached XP level 20. HP: 54/114 MP: 33/33
 42024 | Vaults:3 | Identified the +3 morningstar of Karma {freeze, rN++}
 42417 | Vaults:3 | Reached skill level 16 in Fighting
 42742 | Vaults:3 | Received a gift from Okawaru
 42955 | Vaults:3 | Found Ketacho's Distillery.
 43282 | Vaults:3 | You are sucked into a shaft and drop 1 floor!
 43352 | Vaults:4 | Found Cogofeck's Antique Armour Shop.
 43471 | Vaults:4 | Bought a turquoise-encrusted plate armour for 1036 gold
                  | pieces
 43471 | Vaults:4 | Identified the +7 plate armour of the Aged Mauling Runes
                  | {Str+4} (You bought it in a shop on level 4 of the Vaults)
 43807 | Vaults:4 | Received a gift from Okawaru
 43940 | Vaults:4 | Received a gift from Okawaru
 44093 | Vaults:4 | Found Ucsufonk's Magic Scroll Boutique.
 44099 | Vaults:4 | Bought a scroll of teleportation for 45 gold pieces
 44099 | Vaults:4 | Bought a scroll of teleportation for 45 gold pieces
 44099 | Vaults:4 | Bought a scroll of teleportation for 45 gold pieces
 44099 | Vaults:4 | Bought a scroll of teleportation for 45 gold pieces
 44609 | Vaults:4 | Noticed Boris
 45221 | Vaults:4 | HP: 24/116 [poisoned by a moth of wrath (dark miasma)]
 45223 | Vaults:4 | HP: 9/116 [poisoned by a moth of wrath (dark miasma)]
 45366 | Vaults:4 | Killed Boris
 46216 | Elf:1    | Entered Level 1 of the Elven Halls
 46217 | Elf:1    | You are sucked into a shaft and drop 1 floor!
 46240 | Elf:1    | Reached XP level 21. HP: 120/120 MP: 34/34
 46256 | Elf:1    | Reached skill level 15 in Armour
 46352 | Elf:1    | Received a gift from Okawaru
 46567 | Elf:1    | Found Wykown's General Store.
 46575 | Elf:1    | Bought a scroll of enchant weapon for 105 gold pieces
 46773 | Elf:1    | Found a radiant altar of Vehumet.
 47400 | Elf:1    | Identified the +7 pearl dragon scales of Recklessness
                  | {rPois rN+ Dex+4 Stlth+} (Okawaru gifted it to you on level
                  | 1 of the Elven Halls)
 47400 | Elf:1    | Received a gift from Okawaru
 47960 | Elf:2    | Reached skill level 17 in Fighting
 47982 | Elf:2    | Identified the +3 battleaxe "Teneo" {heavy, rF+}
 48061 | Elf:2    | Identified the +5 falchion of the Final Decision {flame,
                  | SInv}
 48551 | Elf:2    | Found a runed translucent gate.
 48551 | Elf:2    | Found a runed translucent gate.
 48551 | Elf:2    | Found a runed translucent gate.
 48551 | Elf:2    | Found a runed translucent gate.
 48551 | Elf:2    | Found a runed translucent gate.
 48552 | Elf:2    | Found a runed translucent gate.
 48855 | Elf:2    | Identified the +1 morningstar "Vaalyn" {heavy, Dex+2}
 48859 | Elf:2    | Found a huge runed translucent gate.
 48859 | Elf:2    | Found a huge runed translucent gate.
 48859 | Elf:2    | Found a huge runed translucent gate.
 48859 | Elf:2    | Found a huge runed translucent gate.
 48861 | Elf:2    | Found a huge runed translucent gate.
 48868 | Elf:2    | Reached skill level 15 in Throwing
 48870 | Elf:2    | Identified the +8 long sword of Eternal War {holy, Str-2
                  | Dex+4 Stlth+}
 48871 | Elf:2    | Received a gift from Okawaru
 49305 | Elf:2    | Noticed Louise
 49356 | Elf:2    | Killed Louise
 49482 | Elf:2    | Received a gift from Okawaru
 49662 | Elf:2    | Received a gift from Okawaru
 49884 | Elf:3    | Entered Level 3 of the Elven Halls
 49884 | Elf:3    | Found Cefopsuth's Weapon Boutique.
 49999 | Elf:3    | Found Neabeotai's Magic Scroll Emporium.
 50002 | Elf:3    | Found Sumaghim's General Store.
 50004 | Elf:3    | Found Koteh's Antique Armour Emporium.
 50031 | Elf:3    | Found a frozen archway.
 50082 | IceCv    | Entered an ice cave
 50257 | IceCv    | Reached XP level 22. HP: 120/127 MP: 35/35
 50984 | IceCv    | Identified the amulet of Tydan {Acrobat Will++ Regen+
                  | Int+3}
 51033 | IceCv    | Received a gift from Okawaru
 51606 | Swamp:2  | Acquired 1098 gold pieces
 51921 | Elf:3    | Bought the +5 Storm Queen's Shield {shock, Fly rElec} for
                  | 1915 gold pieces
 51921 | Elf:3    | Found the +5 Storm Queen's Shield {shock, Fly rElec}
 52013 | Elf:3    | Found Diec's Armour Shoppe.
 52399 | Elf:3    | Received a gift from Okawaru
 52472 | Elf:3    | Reached skill level 15 in Shields
 52634 | Elf:3    | Found Nikhlom's Antique Weapon Shop.
 52653 | Elf:3    | Found Cumn's Antique Armour Emporium.
 52692 | Elf:3    | Found The Oracle's Delphic Readings.
 52696 | Elf:3    | Bought a scroll of enchant weapon for 142 gold pieces
 52696 | Elf:3    | Bought a scroll of poison for 76 gold pieces
 52706 | Elf:3    | Found Usutz's Weapon Boutique.
 53172 | Elf:3    | Identified the +0 cloak of Kuwud {rF- Regen+ SInv}
 53217 | Elf:3    | Identified the +7 flail of Anxiety {freeze, rF++ rCorr
                  | Int+5}
 53272 | Elf:3    | Identified the +2 scale mail of Learch {rN+}
 53329 | Elf:3    | Got Lehudib's Quarto of Terrain
 53725 | Depths:1 | Entered Level 1 of the Depths
 53819 | Depths:1 | Noticed Saint Roka
 54249 | Depths:1 | Reached skill level 18 in Fighting
 54936 | Depths:1 | Found a runed translucent gate.
 54940 | Depths:1 | Found a runed translucent gate.
 54940 | Depths:1 | Found a runed translucent gate.
 54983 | Depths:1 | Received a gift from Okawaru
 55296 | Depths:1 | Killed Saint Roka
 55331 | Depths:1 | Found a one-way gate to the infinite horrors of the Abyss.
 55514 | Depths:1 | Found a gateway to Hell.
 55820 | Depths:1 | Received a gift from Okawaru
 55864 | Depths:1 | Reached XP level 23. HP: 95/133 MP: 37/37
 55978 | Depths:2 | Received a gift from Okawaru
 56012 | Depths:2 | Found a one-way gate leading to the halls of Pandemonium.
 56041 | Depths:2 | Found Plog's Armour Shoppe.
 56515 | Depths:2 | Found a shimmering blue altar of Sif Muna.
 56747 | Depths:2 | Paralysed by a floating eye for 3 turns
 56760 | Depths:2 | Paralysed by a floating eye for 2 turns
 56984 | Depths:2 | Found Rashupp's Jewellery Shop.
 56984 | Depths:2 | Found Zyliosut's Book Emporium.
 57034 | Depths:2 | Found Naexzinnon's Jewellery Shop.
 57525 | Depths:3 | Found Nyos's Antique Weapon Emporium.
 57663 | Depths:3 | Received a gift from Okawaru
 57766 | Depths:3 | Noticed a golden dragon
 57780 | Depths:3 | Killed a golden dragon
 57782 | Depths:3 | Noticed a juggernaut
 57816 | Depths:3 | Killed a juggernaut
 58701 | Depths:4 | Entered Level 4 of the Depths
 59062 | Depths:4 | Identified the ring "Hiate" {*Corrode rN+ AC+4 Dex+6}
 59278 | Depths:4 | Received a gift from Okawaru
 59438 | Depths:4 | Found a one-way gateway to a ziggurat.
 59542 | Depths:4 | Found a runed translucent gate.
 59543 | Depths:4 | Found a runed translucent gate.
 59543 | Depths:4 | Found a runed translucent gate.
 59684 | Depths:4 | Noticed Camaan's ghost (adept DgCj)
 59746 | Depths:4 | Reached XP level 24. HP: 79/140 MP: 37/37
 59857 | Depths:4 | Found a gate to the Realm of Zot.
 59971 | Depths:4 | Found a viscous altar of Jiyva.
 60177 | Depths:4 | Noticed Parghit
 60200 | Depths:4 | Killed Parghit
 60814 | Depths:4 | Received a gift from Okawaru
 60994 | Depths:4 | Identified the ring of Foimim {rC+ rN+}
 60998 | Depths:4 | Identified the ring of Otseene {EV+5 Int+2 Stlth+}
 61474 | Crypt:1  | Entered Level 1 of the Crypt
 61498 | Crypt:1  | Reached skill level 19 in Fighting
 61715 | Crypt:1  | Received a gift from Okawaru
 61789 | Crypt:1  | Identified the +0 chain mail of the Lion {rPois Int+2}
 61932 | Crypt:1  | Identified the ring "Quxu" {Ice Fly Will- Str+2 Slay+3}
 61932 | Crypt:1  | Noticed Josephina
 62212 | Vaults:2 | Killed Josephina
 62569 | Elf:3    | Bought an embroidered cloak for 315 gold pieces
 63443 | Crypt:2  | Noticed Boris
 63507 | Crypt:1  | Killed Boris
 63765 | Crypt:2  | Received a gift from Okawaru
 64310 | Crypt:3  | Entered Level 3 of the Crypt
 64387 | Crypt:3  | Noticed a curse toe
 64594 | Crypt:3  | Received a gift from Okawaru
 64819 | Crypt:3  | Killed a curse toe
 65718 | Crypt:3  | Found a staircase to the Tomb.
 65989 | Crypt:3  | Noticed a dread lich
 66476 | Crypt:3  | Noticed an ancient lich
 66801 | Crypt:3  | Killed an ancient lich
 66878 | Crypt:3  | Killed a dread lich
 66878 | Crypt:3  | Received a gift from Okawaru
 66922 | Crypt:3  | Identified the +0 chain mail "Toulu" {+Blink rF+}
 66927 | Crypt:3  | Identified the +6 dagger of the Gnashing Viper {freeze,
                  | Fragile rElec Int+2 Dex+2}
 66933 | Crypt:3  | Identified the staff of conjuration "Sauckosa" {rF+ rN+
                  | rCorr}
 66941 | Crypt:3  | Got the Tome of Shaping and Causimancy
 67615 | Swamp:4  | Got a decaying rune of Zot
 67898 | Lair:4   | Found a staircase to the Slime Pits.
 67962 | Lair:4   | Identified the +6 trident of Voyqut {flame, rPois rC+++
                  | rCorr Int-4 Dex+5}
 67973 | Slime:1  | Entered Level 1 of the Pits of Slime
 67982 | Slime:1  | Reached XP level 25. HP: 145/145 MP: 38/38
 68014 | Slime:2  | Received a gift from Okawaru
 68612 | Slime:5  | Entered Level 5 of the Pits of Slime
 68662 | Slime:4  | Received a gift from Okawaru
 68772 | Slime:4  | Gained mutation: You are partially covered in iridescent
                  | scales. (AC +2) [a shining eye]
 69197 | Slime:5  | Reached skill level 10 in Dodging
 69691 | Slime:5  | Found a viscous altar of Jiyva.
 69692 | Slime:5  | Noticed the Royal Jelly
 69710 | Slime:5  | Killed the Royal Jelly
 69710 | Slime:5  | Received a gift from Okawaru
 69710 | Slime:5  | Received a gift from Okawaru
 69711 | Slime:5  | Reached skill level 20 in Fighting
 69872 | Slime:5  | Identified the +11 chain mail "Pibuodex" {Rampage}
 69880 | Slime:5  | Identified the amulet of Suptaeh {Faith rC+}
 69896 | Slime:5  | Identified the staff of conjuration "Hado" {rF+ rN+ SInv
                  | Stlth+}
 69898 | Slime:5  | Identified the +7 great mace "Ukket" {heavy, Dex+3}
 69930 | Slime:5  | Got a slimy rune of Zot
 69938 | Slime:5  | Identified the +1 leather armour "Ewnoinlu" {Rampage Will-
                  | Str+10 Int+4}
 69953 | Slime:5  | Identified the +10 spear of Doomed Duty {speed, rC+ Dex+2}
 70655 | Depths:1 | Received a gift from Okawaru
 70858 | D:14     | Killed Agnes
 71024 | D:11     | Killed Ahpoh's ghost
 71054 | D:11     | Bought a potion of mutation for 216 gold pieces
 71054 | D:11     | Bought a potion of resistance for 270 gold pieces
 71193 | D:7      | Killed Maggie
 71308 | D:5      | Killed Menkaure
 71393 | D:4      | Killed mandoloar's ghost
 71600 | D:2      | Killed Crazy Yiuf
 72091 | Elf:3    | Bought a potion of cancellation for 104 gold pieces
 72091 | Elf:3    | Bought a potion of berserk rage for 65 gold pieces
 72091 | Elf:3    | Bought a scroll of fog for 52 gold pieces
 72134 | Elf:3    | Bought a glowing helmet for 217 gold pieces
 72170 | Elf:3    | Bought a scroll of teleportation for 57 gold pieces
 72455 | Orc:2    | Bought a potion of haste for 160 gold pieces
 72455 | Orc:2    | Bought 2 potions of might for 128 gold pieces
 72455 | Orc:2    | Bought 2 potions of magic for 256 gold pieces
 72455 | Orc:2    | Bought a potion of mutation for 128 gold pieces
 72694 | Depths:1 | Acquired 587 gold pieces
 72898 | Vaults:2 | Bought a scroll of fog for 80 gold pieces
 72984 | Vaults:3 | Bought 2 potions of haste for 320 gold pieces
 72984 | Vaults:3 | Bought a potion of might for 64 gold pieces
 73060 | Vaults:2 | Bought a potion of resistance for 180 gold pieces
 73249 | Orc:2    | Bought a potion of lignification for 48 gold pieces
 73909 | Depths:4 | Killed Camaan's ghost
 73909 | Depths:4 | Identified the +3 plate armour "Ejiymedi" {Regen+ Str+2
                  | Dex-2} (Okawaru gifted it to you on level 4 of the Depths)
 73909 | Depths:4 | Received a gift from Okawaru
 73934 | Zot:1    | Entered Level 1 of the Realm of Zot
 73961 | Zot:1    | You are sucked into a shaft and drop 1 floor!
 74973 | Zot:1    | Identified the +4 pair of boots of the Evening Star {rF++
                  | Dex+2}
 75304 | Zot:1    | Noticed an orb of fire
 75304 | Zot:1    | Gained mutation: You are weak. (Str -2) [an orb of fire]
 75342 | Zot:1    | Killed an orb of fire
 75343 | Zot:1    | Reached XP level 26. HP: 131/152 MP: 38/38
 76158 | Zot:2    | Identified the +12 chain mail "Ehoboug" {Rampage}
 76508 | Zot:3    | Upgraded the game from 0.30-a0-986-g7f2e898f52 to
                  | 0.30-a0-989-g0d87f670db
 76514 | Zot:3    | Noticed an orb of fire
 76521 | Zot:3    | Gained mutation: You occasionally lose the ability to read
                  | scrolls when taking damage. [an orb of fire]
 76551 | Zot:2    | Lost mutation: You occasionally lose the ability to read
                  | scrolls when taking damage. [potion of mutation]
 76551 | Zot:2    | Lost mutation: You are weak. (Str -2) [potion of mutation]
 76551 | Zot:2    | Gained mutation: Your spells are a little harder to cast,
                  | but a little more powerful. [potion of mutation]
 76551 | Zot:2    | Gained mutation: You are agile. (Dex +4, Str/Int -1)
                  | [potion of mutation]
 76556 | Zot:3    | Gained mutation: You are occasionally teleported next to
                  | monsters. [an orb of fire]
 76557 | Zot:3    | Gained mutation: You occasionally shout uncontrollably at
                  | your foes. [an orb of fire]
 76558 | Zot:3    | Gained mutation: You are vulnerable to heat. (rF-) [an orb
                  | of fire]
 76593 | Zot:3    | Killed an orb of fire
 76600 | Zot:2    | Lost mutation: You are agile. (Dex +4, Str/Int -1) [potion
                  | of mutation]
 76600 | Zot:2    | Lost mutation: You are vulnerable to heat. (rF-) [potion of
                  | mutation]
 76600 | Zot:2    | Lost mutation: You occasionally shout uncontrollably at
                  | your foes. [potion of mutation]
 76600 | Zot:2    | Lost mutation: You are occasionally teleported next to
                  | monsters. [potion of mutation]
 76600 | Zot:2    | Gained mutation: You have a pair of small antennae on your
                  | head. [potion of mutation]
 76727 | Zot:3    | Received a gift from Okawaru
 76964 | Zot:3    | Received a gift from Okawaru
 77115 | Zot:3    | Noticed a Killer Klown
 77134 | Zot:3    | Killed a Killer Klown
 77148 | Zot:3    | Received a gift from Okawaru
 77245 | Zot:3    | Reached skill level 21 in Fighting
 77905 | Zot:4    | Identified the +0 plate armour "Ushanwer" {rPois} (Okawaru
                  | gifted it to you on level 4 of the Realm of Zot)
 77905 | Zot:4    | Received a gift from Okawaru
 78768 | Vaults:5 | Entered Level 5 of the Vaults
 78892 | Vaults:5 | Gained mutation: You sometimes lose your temper in combat.
                  | [a shining eye]
 78893 | Vaults:5 | Gained mutation: Your magical capacity is low. (-10% MP) [a
                  | shining eye]
 79040 | Vaults:4 | Lost mutation: Your magical capacity is low. (-10% MP)
                  | [potion of mutation]
 79040 | Vaults:4 | Lost mutation: You have a pair of small antennae on your
                  | head. [potion of mutation]
 79040 | Vaults:4 | Gained mutation: You are weak. (Str -2) [potion of
                  | mutation]
 79052 | Vaults:5 | Noticed a dread lich
 79083 | Vaults:4 | Killed a dread lich
 80055 | Abyss:2  | Cast into level 2 of the Abyss (an apocalypse crab)
 80069 | Abyss:2  | Found a corrupted altar of Lugonu.
 80139 | Abyss:2  | Found a corrupted altar of Lugonu.
 80404 | Abyss:2  | Lost mutation: You are weak. (Str -2) [potion of mutation]
 80404 | Abyss:2  | Lost mutation: You are partially covered in iridescent
                  | scales. (AC +2) [potion of mutation]
 80404 | Abyss:2  | Gained mutation: Your body sometimes deteriorates upon
                  | taking damage. [potion of mutation]
 80404 | Abyss:2  | Gained mutation: Your mind is acute. (Int +4, Str/Dex -1)
                  | [potion of mutation]
 80405 | Abyss:2  | Lost mutation: Your body sometimes deteriorates upon taking
                  | damage. [potion of mutation]
 80405 | Abyss:2  | Lost mutation: You sometimes lose your temper in combat.
                  | [potion of mutation]
 80405 | Abyss:2  | Lost mutation: Your spells are a little harder to cast, but
                  | a little more powerful. [potion of mutation]
 80405 | Abyss:2  | Gained mutation: You are partially covered in iridescent
                  | scales. (AC +2) [potion of mutation]
 80405 | Abyss:2  | Gained mutation: You have large cloven feet. [potion of
                  | mutation]
 80405 | Abyss:2  | Gained mutation: You have hoof-like feet. [potion of
                  | mutation]
 80467 | Abyss:2  | Received a gift from Okawaru
 80494 | Zot:4    | Escaped the Abyss
 80719 | Zot:4    | Received a gift from Okawaru
 80813 | Zot:4    | Reached XP level 27. HP: 161/161 MP: 38/38
 80897 | Zot:5    | Entered Level 5 of the Realm of Zot
 81501 | Zot:5    | Reached skill level 22 in Fighting
 81605 | Zot:5    | Noticed a dread lich
 81623 | Zot:5    | Killed a dread lich
 81623 | Zot:5    | Received a gift from Okawaru
 81668 | Zot:5    | Identified the +3 chain mail "Tarph" {Str+3 SInv} (Okawaru
                  | gifted it to you on level 5 of the Realm of Zot)
 81668 | Zot:5    | Received a gift from Okawaru
 83354 | Zot:5    | Noticed an orb of fire
 83354 | Zot:5    | Lost mutation: Your mind is acute. (Int +4, Str/Dex -1) [an
                  | orb of fire]
 83394 | Zot:5    | Killed an orb of fire
 83400 | Zot:5    | Noticed an ancient lich
 83400 | Zot:5    | Noticed an ancient lich
 83410 | Arena    | Entered the Arena
 83422 | Arena    | Killed an ancient lich
 83458 | Zot:5    | Killed an ancient lich
 83581 | Zot:5    | Noticed an orb of fire
 83623 | Zot:5    | Killed an orb of fire
 83866 | Zot:5    | Noticed an orb of fire
 83897 | Zot:5    | Killed an orb of fire
 83935 | Zot:5    | Noticed an ancient lich
 83936 | Zot:5    | Noticed an orb of fire
 83937 | Zot:5    | Gained mutation: You are resistant to electric shocks.
                  | (rElec) [an orb of fire]
 83959 | Zot:5    | Killed an orb of fire
 83972 | Zot:5    | Killed an ancient lich
 83973 | Zot:5    | Reached skill level 23 in Fighting
 84022 | Zot:5    | Noticed an ancient lich
 84214 | Zot:5    | Killed an ancient lich
 84442 | Zot:5    | Got the Orb of Zot
 84779 | D:15     | Received a gift from Okawaru
 84873 | D:10     | Noticed Fuoxaddyum the pandemonium lord
 84887 | D:10     | Gained mutation: You are clumsy. (Dex -2) [a neqoxec]
 85042 | D:3      | Noticed Natasha
 85072 | D:$      | Escaped with the Orb!

Illustrated notes

Levels and vault maps discovered:
D:1:      dpeg_arrival_rooms_with_view, layout_rooms, hangedman_feature_mirror
D:2:      layout_loops_corners, minmay_fractal_squares_5,
          uniq_crazy_yiuf_cottage
D:3:      minmay_angry_zag, layout_basic, uniq_natasha
D:4:      layout_loops_cross, okawaru_metal_pillars_1_2,
          mainiacjoe_overflow_six_doors_small, minmay_temple_entry_mini_moons,
          biasface_ghost_orc_armoury
D:5:      layout_loops_corners, minmay_misc_feat_five, uniq_menkaure
D:6:      layout_loops_ring, grunt_gozag_breadcrumbs, serial_shops,
          nicolae_stop_n_shop_1
D:7:      layout_basic, uniq_maggie
D:8:      layout_cave_pools
D:9:      layout_irregular_city, grunt_ashenzari_visionary
          [grunt_ashenzari_visionary_swamp, grunt_ashenzari_visionary_snake],
          erik_lair_island, serial_bayou, serial_bayou_lagoon_b,
          serial_bayou_lake_a, serial_bayou_shore_b, uniq_prince_ribbit1
D:10:     layout_basic, david_orc_5, nicolae_straight_to_the_point
D:11:     layout_loops_ring, ebering_ghost_gozag, serial_shops, shop,
          nicolae_uskayaw_dance_studio
D:12:     layout_rooms, chequers_mini_garden, nicolae_qazlal_style_of_elements
D:13:     layout_basic, erik_vaults_2
D:14:     layout_gridville, hangedman_decor_peaks_small, uniq_agnes
D:15:     grunt_enter_depths_hoard, layout_basic, gauntlet_entry_generic,
          nicolae_shop_fire_sale [nicolae_sub_dead_trees],
          hangedman_abyss_or_decor_slice, chequers_serial_rivers_small_b
Lair:1:   layout_long_grid
Lair:2:   layout_regular_city, dummy_snake_entry, lemuel_fruit_tree
Lair:3:   layout_gridlike, minmay_swamp_entry_worms, special_room
          [special_room_bee], evilmike_ambush [evilmike_ambush_outer_doors,
          evilmike_ambush_inner_pond], grunt_megastairs_3, uniq_amaemon,
          uniq_gastronok
Lair:4:   mu_elephants_graveyard, layout_cave_shapes,
          minmay_slime_entry_oklob_enclosed, pf_torpor_hydra
Lair:5:   evilmike_catoblepas_cave, layout_cave_pods, basic_altar,
          nicolae_quartered_pool_medium, st_stairs_3
Swamp:1:  layout_basic_swamp, evilmike_swamp_ruin_house_4, swamp_pool2,
          uniq_roxanne
Swamp:2:  layout_basic_swamp, evilmike_swamp_ruin_house_5,
          infiniplex_staircase_pool
Swamp:3:  layout_falls_marsh, gammafunk_ghost_necromancy,
          evilmike_swamp_ruin_wall, nicolae_swamp_rocky_clearing,
          uniq_bai_suzhen, uniq_jorgrun
Swamp:4:  swamp_pestilence, layout_basic_swamp, swamp_pool1,
          nicolae_swamp_frolicking_bunyips
Snake:1:  layout_layer_cave, uniq_aizul
Snake:2:  layout_misc_corridors
Snake:3:  layout_layer_cave, grunt_megastairs_1, nicolae_triple_integral
Snake:4:  snake_pit, layout_cave_town, nicolae_snake_omega
Slime:1:  layout_caves
Slime:2:  layout_caves
Slime:3:  layout_caves
Slime:4:  layout_caves, cheibrodos_slime_lost_civilization_7
Slime:5
Orc:1:    layout_diamond_mine, hellmonk_ghost_happy_afterlife,
          small_statue_alley_c, uniq_urug
Orc:2:    hellmonk_orc_salted, layout_caves
Elf:1:    eino_elf_arrival_altar, layout_geoelf_grid, serial_shops,
          nicolae_shop_stone, minmay_elf_sorcery, hex_medium
Elf:2:    elven_hall_of_blades_hangedman_alternative
          [mumra_blade_entry_bloodbath], layout_loops_corners,
          small_statue_intersection, orc_legates, uniq_louise
Elf:3:    minmay_elf_hall_hex, layout_onion_city, serial_shops,
          nicolae_shop_bloodbath_and_beyond, shop, shop, shop_fountains, shop,
          portal_ice_cave_entry_frozen_things, nicolae_nh_oracle_at_delphi,
          minmay_shop_star
Vaults:1: grunt_vaults_twisty, hangedman_vaults_slice, vaults_dpeg_doors,
          hangedman_vaults_nodes, st_check, hangedman_vaults_stretched_pinwheel,
          vaults_dpeg_cross, layout_vaults_big_room, serial_shops, shop
Vaults:2: nicolae_vaults_stairing_the_circle, hangedman_vaults_nails,
          vaults_mumra_chevron_long, nicolae_vaults_network_periphery,
          nicolae_vaults_diagonal_hallway_7, vaults_dpeg_ring,
          hangedman_vaults_unwind, grunt_vaults_funnel,
          nicolae_vaults_shelves_hall, layout_vaults_quadrants,
          dummy_crypt_entry, serial_glass, serial_shops, shop, shop,
          nicolae_shop_advertising_works [nicolae_subvault_shop_adworks],
          nicolae_shop_crystal
Vaults:3: v_misc_16, nicolae_vaults_ninety_degrees, ontoclasm_vaults_spin,
          nicolae_vaults_disjoint_gnomons, vaults_mumra_chevron, v_rooms_3,
          nicolae_vaults_angled_halls, vaults_mumra_minichess,
          ontoclasm_vaults_twist, nicolae_vaults_border_crossing,
          ontoclasm_vaults_misaligned, v_misc_19, vaults_room_semicircle,
          layout_vaults_omnibox, serial_shops, nicolae_shop_trees
Vaults:4: vaults_standard_mumra_lines, ontoclasm_vaults_gallery, v_misc_23,
          v_misc_18, hangedman_vaults_impose, nicolae_vaults_little_squares_5,
          hangedman_vaults_hat, nicolae_vaults_little_squares_6,
          hangedman_vaults_corner_blocks, dpeg_vaults_monster_box, v_misc_23,
          vaults_room_corners, ontoclasm_vaults_misaligned,
          layout_vaults_big_cross, serial_shops, shop_scrolls, shop, uniq_boris
Vaults:5
Crypt:1:  layout_misc_corridors, small_statue_intersection, due_unseen_surprise,
          roderic_lattice_octagonal_star, uniq_josephina
Crypt:2:  layout_chaotic_city, uniq_margery
Crypt:3:  david_glass_crypt, layout_basic, tomb_entry_simple_bobbens,
          nicolae_crypt_little_mausoleum
Depths:1: layout_roguey, hellmouth_3, abyss_entry, minmay_misc_feat_hallway,
          pandoras_box_mu, uniq_saint_roka
Depths:2: minmay_sliced_demisemicircle, layout_cave_pools, serial_shops,
          nicolae_diamond_shop, pan_entry, hell_entry, st_stairs_12,
          lemuel_blue_sif_altar, minmay_shop_grove, serial_bayou_shore_a
Depths:3: kennysheep_funnel, layout_gridlike, kennysheep_pointless_box,
          abyss_entry, pf_coc_iceberg, serial_shops, nicolae_shop_crystal,
          minmay_evil_grid, infiniplex_staircase_river
Depths:4: grunt_zot_entry_bicorn, layout_gridlike, enter_ziggurat_a,
          grunt_pan_entry_in_and_out, gammafunk_ghost_ooze,
          pf_vacation_house_of_asmodeus, abyss_entry, uniq_parghit
Zot:1:    kennysheep_bubbly, layout_concentric_octagons
Zot:2:    layout_misc_corridors, grunt_megastairs_5
Zot:3:    kennysheep_six_static_rooms, layout_misc_corridors
Zot:4:    gammafunk_mikee_crab_dinner, layout_gridlike
Zot:5:    layout_misc_corridors

Skill      XL: |  1  2  3  4  5  6  7  8  9 10 11 12 13 14 15 16 17 18 19 20 21 22 23 24 25 26 27 |
---------------+----------------------------------------------------------------------------------+-----
Dodging        | 1 2 4 5 7 9 10 | 10.0
Throwing       | 2 4 6 8 9 10 11 13 15 16 17 19 20 | 20.0
Stealth        | 5 6 7 9 |  9.0
Fighting       | 2 3 4 5 6 7 8 10 11 12 13 14 15 16 17 18 19 20 21 23 | 23.3
Short Blades   | 2 3 4 5 7 8 10 | 10.2
Spellcasting   | 1 2 |  2.0
Armour         | 1 2 3 4 5 6 7 8 10 11 12 13 14 15 16 17 19 | 19.0
Invocations    | 2 3 4 6 7 8 10 11 12 14 15 16 17 18 19 20 22 | 22.0
Shields        | 1 4 5 6 8 10 11 12 13 14 15 | 15.0

Action                     |  1- 3 |  4- 6 |  7- 9 | 10-12 | 13-15 | 16-18 | 19-21 | 22-24 | 25-27 || total
---------------------------+-------+-------+-------+-------+-------+-------+-------+-------+-------++-------
  Melee: Dagger            |    76 |   126 |   351 |  1029 |  1135 |  1062 |       |       |       ||  3779
         Bite              |     9 |    20 |   110 |   387 |   979 |  1281 |  1529 |  1961 |  1635 ||  7911
         Punch             |     1 |       |     9 |    14 |       |       |       |       |       ||    24
         Quick blade       |       |       |       |       |   844 |  1720 |  2920 |  3377 |  2655 || 11516
  Throw: Boomerang         |       |     6 |    17 |     5 |    44 |   151 |    27 |    14 |    26 ||   290
         Dart              |       |     7 |    16 |    80 |    54 |     8 |    34 |     2 |       ||   201
         Javelin           |       |       |       |     2 |       |    13 |     2 |    12 |    87 ||   116
 Invoke: Heroism           |       |       |     7 |     7 |    17 |    13 |    11 |    14 |    14 ||    83
         Finesse           |       |       |       |     4 |     5 |     6 |     7 |     6 |    10 ||    38
         Duel              |       |       |       |       |       |       |       |       |     1 ||     1
  Evoke: Wand              |       |       |       |     4 |     7 |     1 |     2 |     4 |     3 ||    21
    Use: Scroll            |       |     2 |     8 |     9 |    12 |     5 |     7 |     4 |    17 ||    64
         Potion            |       |       |       |     1 |       |     2 |     3 |     5 |    18 ||    29
   Stab: Sleeping          |     9 |    13 |     9 |     2 |    11 |    18 |    20 |    15 |       ||    97
         Distracted        |     1 |       |     1 |       |     1 |     5 |     2 |     1 |       ||    11
         Paralysed         |       |       |       |       |       |       |       |       |     1 ||     1
 Armour: Robe              |    12 |       |       |       |       |       |       |       |       ||    12
         Ring mail         |     4 |    44 |    17 |     2 |       |       |       |       |       ||    67
         Scale mail        |       |       |   101 |   174 |   389 |   571 |   468 |   356 |       ||  2059
         Chain mail        |       |       |       |    36 |       |       |       |       |       ||    36
         Plate armour      |       |       |       |       |       |       |   125 |       |       ||   125
         Gold dragon scale |       |       |       |       |       |       |       |   255 |   652 ||   907
  Dodge: Dodged            |    27 |    56 |   165 |   365 |   581 |   903 |   714 |   415 |   407 ||  3633
         Repelled          |       |       |       |       |       |    73 |    22 |    20 |       ||   115
  Block: Buckler           |       |       |       |    68 |   396 |   653 |       |       |       ||  1117
         Tower shield      |       |       |       |       |       |    82 |  1685 |    93 |       ||  1860
         Reflection        |       |       |       |       |       |       |   115 |       |       ||   115
         Kite shield       |       |       |       |       |       |       |       |  1046 |  1044 ||  2090

Table legend: (Time is in decaauts)
 A = Elapsed time spent in this place.
 B = Non-inter-level travel time spent in this place.
 C = Inter-level travel time spent in this place.
 D = Time resting spent in this place.
 E = Time spent auto-exploring this place.
 F = Levels seen in this place.
 G = Mean time per level.
                   A        B        C        D        E       F      G
               +--------+--------+--------+--------+--------+-----+--------+
         Total |  76576 |  60087 |  16489 |   6755 |  31275 |  59 | 1297.9 |
       Dungeon |  19834 |  14685 |   5149 |    585 |   9924 |  15 | 1322.3 |
          Lair |   8397 |   6443 |   1954 |    550 |   3585 |   5 | 1679.4 |
         Swamp |   4445 |   3526 |    919 |    510 |   1491 |   4 | 1111.2 |
     Snake Pit |   5406 |   4891 |    515 |    327 |   2973 |   4 | 1351.5 |
    Slime Pits |   1459 |   1165 |    294 |    196 |    141 |   5 |  291.8 |
  Orcish Mines |   1637 |    942 |    695 |     46 |    405 |   2 |  818.5 |
   Elven Halls |   6068 |   4249 |   1819 |    371 |   1947 |   3 | 2022.7 |
        Vaults |   8269 |   6756 |   1513 |    777 |   3874 |   5 | 1653.8 |
         Crypt |   4203 |   3715 |    488 |    587 |   1896 |   3 | 1401.0 |
        Depths |   8012 |   6209 |   1803 |   1341 |   2664 |   4 | 2003.0 |
           Zot |   6801 |   5464 |   1337 |   1022 |   1941 |   5 | 1360.2 |
         Abyss |    362 |    362 |      0 |     28 |      0 |   1 |  362.0 |
      Ice Cave |   1015 |   1015 |      0 |    294 |    290 |   1 | 1015.0 |
      Gauntlet |    638 |    638 |      0 |    105 |    143 |   1 |  638.0 |
         Arena |     23 |     23 |      0 |     12 |      0 |   1 |   23.0 |
               +--------+--------+--------+--------+--------+-----+--------+

Top non-repeatable levels by time:
Depths:4: 2567 daAuts
 Crypt:3: 2500 daAuts
Depths:1: 2412 daAuts
Vaults:2: 2237 daAuts
   Elf:2: 2207 daAuts
   Zot:5: 2196 daAuts
Vaults:4: 2182 daAuts
     D:9: 2121 daAuts
  Lair:3: 2101 daAuts
Vaults:3: 1978 daAuts
   Elf:3: 1969 daAuts
    D:13: 1948 daAuts
    D:10: 1930 daAuts
   Elf:1: 1891 daAuts
Vaults:1: 1851 daAuts
